Unix NetHack Version 5.0.0-0 post-release - last build May 23 2026 06:08:33 (1c0ff79ee797540d5714e4e18072db0edd9e58ae,branch:main).

Game began 2026-05-30 00:40:03, ended 2026-05-30 00:53:57.

DaveT, lawful male human Priest

                    ---
                   ..G.
               ..)..@)[
               .<.....
               ....`..
                ....

DaveT the Acolyte            St:12 Dx:11 Co:13 In:9 Wi:17 Ch:14  Lawful
Dlvl:5  $:68 HP:0(45) Pw:48(48) AC:5  Xp:5 T:2457  Burdened

Latest messages:
 DaveT's ghost touches you!
 You have a little trouble lifting U - a blessed scroll labeled DUAM XNAHT.
 What do you want to read? [ghoqDFGLQTU or ?*] U
 You read the scroll.
 This is a scroll of fire!
 Where do you want to center the explosion?
 (For instructions type a '?')
 Move cursor to the desired position:
 The scroll erupts in a tower of flame!
 Boom!
 DaveT's ghost is caught in the tower of flame!
 DaveT's ghost resists the tower of flame!
 Your boots smoulder!
 Your dog eared spellbook catches fire and burns!
 Your spellbook of detect monsters catches fire and burns!
 DaveT's ghost touches you!
 You miss DaveT's ghost.
 You miss DaveT's ghost.
 You miss DaveT's ghost.
 You miss DaveT's ghost.
 DaveT's ghost touches you!
 You hit DaveT's ghost!
 You miss DaveT's ghost.
 You miss DaveT's ghost.
 DaveT's ghost touches you!
 You miss DaveT's ghost.
 The crossbow bolt misses DaveT's ghost.
 A crossbow bolt misses you.
 The crossbow bolt misses DaveT's ghost.
 You are hit by a crossbow bolt!
 You miss DaveT's ghost.
 The crossbow bolt misses DaveT's ghost.
 A crossbow bolt misses you.
 You miss DaveT's ghost.
 You miss DaveT's ghost.
 You miss DaveT's ghost.
 The crossbow bolt misses DaveT's ghost.
 A crossbow bolt misses you.
 The crossbow bolt misses DaveT's ghost.
 You are almost hit by a crossbow bolt.
 You hit the gnome lord!
 The gnome lord swings his crossbow.
 The gnome lord hits!
 The crossbow bolt misses DaveT's ghost.
 You are hit by a crossbow bolt!
 The crossbow bolt misses DaveT's ghost.
 You are hit by a crossbow bolt!
 You die...
 Do you want your possessions identified? [ynq] (y) y
 Do you want to see your attributes? [ynq] (y) q

Inventory:
 Coins    ('$')
  $ - 68 gold pieces
 Weapons  (')')
  m - 8 +1 darts
  s - 3 +0 darts (at the ready)
  S - a +0 aklys
  a - a blessed +2 mace (weapon in right hand)
 Armor    ('[')
  P - a blessed +1 orcish helm (being worn)
  t - a burnt +0 pair of low boots (being worn)
  c - a +0 small shield (being worn)
  b - a +0 robe (being worn)
 Comestibles  ('%')
  e - a clove of garlic
  v - 4 food rations
  M - a fortune cookie
  f - a sprig of wolfsbane
 Scrolls  ('?')
  L - a scroll of enchant armor
  F - a cursed scroll of enchant armor
  T - a cursed scroll of food detection
  Q - a scroll of identify
 Spellbooks  ('+')
  h - a spellbook of clairvoyance
  D - a spellbook of cure sickness
  o - a spellbook of detect treasure
  q - a spellbook of remove curse
 Potions  ('!')
  n - a cursed potion of confusion
  d - 7 potions of holy water
 Rings    ('=')
  N - a ring of see invisible
  A - a ring of slow digestion
  w - a ring of warning (on left hand)
 Wands    ('/')
  C - a wand of light (0:13)
  p - a wand of polymorph (0:6)
  E - a wand of sleep (0:3)
 Tools    ('(')
  i - a magic marker (0:20)
  R - a +0 pick-axe
  O - a towel
 Gems/Stones  ('*')
  B - an amethyst stone

DaveT the Priest's attributes:

Background:
 You were an Acolyte, a level 5 human Priest.
 You were lawful, on a mission for Blind Io
 who was opposed by The Lady (neutral) and Offler (chaotic).
 You were right-handed.
 You were in the Gnomish Mines, on level 5.
 You entered the dungeon 2457 turns ago.
 It was the midnight hour.
 You had 302 experience points, 18 more were needed to attain level 6.

Basics:
 You had 0 out of 45 hit points.
 You had all 48 energy points (spell power).
 Your armor class was 5.
 Your wallet contained 68 zorkmids.
 Autopickup was off.

Final Characteristics:
 Your strength was 12 (limit:18/100).
 Your dexterity was 11 (limit:18).
 Your constitution was 13 (limit:18).
 Your intelligence was 9 (limit:18).
 Your wisdom was 17 (limit:18).
 Your charisma was 14 (limit:18).

Final Status:
 You weren't hungry.
 You were burdened; movement was slightly slowed.
 You were wielding a mace.
 You had basic skill with mace and could have enhanced that.

Final Attributes:
 You were piously aligned.
 You were poison resistant.
 You were warned.
 You were guarded.
 Your spell casting was enhanced by wearing a robe.
 You were fast.
 You are dead.

Miscellaneous:
 You encountered 1 bones level.
 Total elapsed playing time was 13 minutes and 53 seconds.

Major events:
 Turn
    1: DaveT the lawful human Priest entered the dungeon
  770: entered the Gnomish Mines
 1047: attained the rank of Acolyte (level 3)
 2457: killed by a crossbow bolt

Spells:
 Name                 Level Category     Fail Retention
 detect monsters        1   divination     0%    (gone)
 clairvoyance           3   divination    90%    (gone)

Skills:
 Fighting Skills
   bare handed combat [Unskilled]
 Weapon Skills
   club               [Unskilled]
   mace               [Basic]
   morning star       [Unskilled]
   flail              [Unskilled]
   hammer             [Unskilled]
   quarterstaff       [Unskilled]
   polearms           [Unskilled]
   spear              [Unskilled]
   trident            [Unskilled]
   lance              [Unskilled]
   bow                [Unskilled]
   sling              [Unskilled]
   crossbow           [Unskilled]
   dart               [Unskilled]
   shuriken           [Unskilled]
   boomerang          [Unskilled]
   unicorn horn       [Unskilled]
 Spellcasting Skills
   healing spells     [Unskilled]
   divination spells  [Unskilled]
   clerical spells    [Basic]

Voluntary challenges:
 Character rerolling was not enabled.
 You never genocided any monsters.
 You never polymorphed an object.
 You never changed form.
 You used no wishes.
Achievements:
 You entered the Gnomish Mines.
 You attained the rank of Acolyte.

 The Dungeons of Doom: levels 1 to 8
    Level 1:
       A fountain.
    Level 2:
       Some fountains.
    Level 3:
       A fountain.
    Level 4:
       Stairs down to The Gnomish Mines.
    Level 5:
    Level 6:
    Level 7:
       Many fountains.
    Level 8:
 The Gnomish Mines:
    Level 5: <- You were here.
       A grave.
       Final resting place for
          you, killed by a crossbow bolt,
          DaveT-Pri-Hum-Mal-Law, killed by a gnome.


Vanquished creatures:
 an imp
  a rock piercer
  a rock mole
  a pony
  a fog cloud
  a gnome leader
  a guardian naga hatchling
  a giant ant
  a floating eye
  2 dwarves
  a kobold leader
  2 hill orcs
  a rothe
  a giant bat
  2 orc zombies
 an iguana
  2 giant rats
  a cave spider
  a yellow mold
  a gnome
  2 jackals
  a fox
  a kobold
  a sewer rat
  6 grid bugs
  2 bats
  5 lichens
  a kobold zombie
  5 newts
48 creatures vanquished.

No species were genocided or became extinct.

Game over:
                       ----------
                      /          \
                     /    REST    \
                    /      IN      \
                   /     PEACE      \
                  /                  \
                  |      DaveT       |
                  |      68 Au       |
                  |   killed by a    |
                  |  crossbow bolt   |
                  |                  |
                  |                  |
                  |       2026       |
                 *|     *  *  *      | *
        _________)/\\_//(\/(/\)/\//\/|_)_______

Goodbye DaveT the Priest...

You died in The Gnomish Mines on dungeon level 5 with 1700 points,
and 68 pieces of gold, after 2457 moves.
You were level 5 with a maximum of 45 hit points when you died.

